 Dungeon Crawl Stone Soup version 0.22.2-1-ge965b3a (webtiles) character file.

19075 smallpebble the Severer (level 12, -2/107 HPs)
             Began as a Hill Orc Fighter on Apr 9, 2019.
             Was an Initiate of Ru.
             Slain by a hornet (10 damage)
             ... on level 14 of the Dungeon on Apr 10, 2019.
             The game lasted 01:14:27 (13388 turns).

smallpebble the Severer (Hill Orc Fighter)         Turns: 13388, Time: 01:14:28

Health: -2/107     AC: 23    Str: 22      XL:     12   Next: 65%
Magic:  12/12      EV:  7    Int:  7 (8)  God:    Ru [......]
Gold:   545        SH: 13    Dex: 11 (14) Spells: 11/11 levels left

rFire    . . .     SeeInvis .   P - +1 broad axe (elec)
rCold    . . .     Gourm    .   B - +1 shield {rN+}
rNeg     + . .     Faith    .   b - +0 plate armour
rPois    .         Spirit   .   q - +0 helmet
rElec    .         Reflect  .   o - +0 cloak
rCorr    .         Harm     .   R - +0 pair of gloves
MR       +....                  (no boots)
Stlth    ..........             C - amulet of magic regeneration
HPRegen  0.27/turn              x - ring of protection from magic
MPRegen  0.38/turn              N - +4 ring of protection

@: no status effects
A: agile 1, shaggy fur 1
a: Renounce Religion


You were on level 14 of the Dungeon.
You worshipped Ru.
Ru was noncommittal.
You were very hungry.

You visited 2 branches of the dungeon, and saw 15 of its levels.

You collected 715 gold pieces.
You spent 170 gold pieces at shops.

Inventory:

Hand Weapons
 P - a +1 broad axe of electrocution (weapon)
 Y - a +6 battleaxe of holy wrath
 Z - a +0 shortbow of freezing
Armour
 a - +0 acid dragon scales
 b - a +0 plate armour (worn)
 o - a +0 cloak (worn)
 q - a +0 helmet (worn)
 B - a +1 shield of positive energy (worn)
 Q - +0 steam dragon scales
 R - a +0 pair of gloves (worn)
Magical Staves
 i - an uncursed staff of death
 k - an uncursed staff of energy
 s - an uncursed staff of air
Jewellery
 x - a ring of protection from magic (left hand)
 y - an uncursed ring of magical power
 C - an amulet of magic regeneration (around neck)
 G - an uncursed amulet of faith
 J - an uncursed ring of protection from fire
 N - a +4 ring of protection (right hand)
Wands
 n - a wand of digging (20)
 w - a wand of random effects (38)
 F - a wand of iceblast (20)
 H - a wand of polymorph (16)
 I - a wand of disintegration (20)
 K - a wand of flame (46)
 O - a wand of acid (6)
 U - a wand of enslavement (11)
Scrolls
 c - 2 scrolls of identify
 m - 2 scrolls of fog
 u - 4 scrolls of blinking
 S - a scroll of remove curse
 W - 2 scrolls of enchant armour
 X - 3 scrolls of enchant weapon
Potions
 d - 2 potions of might
 g - 2 potions of flight
 h - 6 potions of curing
 j - 2 potions of mutation
 l - a potion of brilliance
 r - 2 potions of resistance {unknown}
 t - 3 potions of haste
 v - a potion of lignification
 z - a potion of cancellation
 L - 2 potions of ambrosia
Comestibles
 f - 6 rations


   Skills:
 + Level 10.4 Fighting
   Level 6.0 Long Blades
 + Level 15.9 Axes
 + Level 9.9 Armour
 + Level 2.9 Dodging
 + Level 0.2 Stealth
 + Level 10.0 Shields
 + Level 1.0 Evocations


You had 11 spell levels left.
You didn't know any spells.
Your spell library was empty.

Dungeon Overview and Level Annotations

Branches:
Dungeon (14/15)            Temple (1/1) D:6            Lair (0/6) D:11
    Orc (0/2) D:11
 Vaults: D:13-14

Altars:
Ashenzari
Cheibriados
Dithmenos
Elyvilon
Fedhas
Gozag
Hepliaklqana
Kikubaaqudgha
Makhleb
Nemelex Xobeh
Okawaru
Qazlal
Ru
Sif Muna
Trog
Uskayaw
Vehumet
Wu Jian
Xom
Yredelemnul
Zin
The Shining One

Shops:
D:6 (   D:9 [   D:10 ?


Innate Abilities, Weirdness & Mutations

You are agile. (Dex +2)
You are covered in fur. (AC +1)


Message History

A hornet comes into view.
The worker ant bites you but does no damage.
The manticore flicks its tail.
You block the volley of spikes.
The hornet buzzes angrily.
The yak gores you but does no damage.
The manticore flicks its tail.
The volley of spikes hits you! You block the yak's attack.
The bullfrog releases a deep croak.
The wizard wildly gestures.
The wizard glows brightly for a moment.
You block the bullfrog's attack.
The basilisk hisses menacingly.
The worker ant waves its antennae.
You block the bullfrog's attack. The yak gores you but does no damage.
The bullfrog hits you.
* * * LOW HITPOINT WARNING * * *
The hornet stings you!
You die...

......... ..........
#..........
##.........#
#.............#
#.............#
#...........H.##
#.........H..Yy########
#..$..).....Y#F@......#
#.......J..t.#.....##.#
#........p.Y##.....#
#........a..#..#..#...
#...........#....#....#
#.......#########.....#
#......N.##.. .#...#
#.........#.. .....
#..........#.


You could see 2 manticores, a yak, a hornet and a bullfrog.

Vanquished Creatures
  Rupert (D:12)
  Harold (D:7)
  A centaur warrior (D:13)
  3 two-headed ogres
  2 unseen horrors (D:12)
  A cyclops (D:11)
  Maurice (D:8)
  A troll (D:12)
  A hornet (D:13)
  Prince Ribbit (D:8)
  4 hippogriffs
  5 slime creatures (D:12)
  Sigmund (D:5)
  19 yaks
  2 wyverns
  2 hungry ghosts
  2 steam dragons
  An acid dragon (D:12)
  4 porcupines (D:11)
  A hornet zombie (D:11)
  7 orc warriors
  An ice beast (D:5)
  A phantom (D:6)
  2 black bears
  5 ogres
  9 centaurs
  A crocodile (D:11)
  5 bullfrogs
  3 wyvern zombies
  2 scorpions
  8 wights
  6 killer bees (D:10)
  2 howler monkeys
  6 crimson imps
  2 centaur zombies
  3 bullfrog zombies
  3 quasits
  5 hounds
  3 jellies
  A centaur skeleton (D:10)
  A gnoll shaman (D:9)
  An orc priest (D:7)
  7 orc wizards
  2 bullfrog skeletons (D:7)
  2 iguanas
  Ijyb (D:5)
  6 worker ants
  2 hound skeletons
  A worker ant zombie (D:10)
  7 adders
  20 gnolls
  4 shadow imps
  An ooze (D:3)
  3 adder zombies (D:7)
  3 adder skeletons
  A dart slug (D:1)
  5 leopard geckos
  41 orcs
  5 giant cockroaches
  8 goblins
  6 hobgoblins
  12 jackals
  2 quokkas
  A ball python (D:6)
  4 bats
  3 frilled lizards
  A jackal skeleton (D:3)
  A jackal zombie (D:5)
  5 kobolds
  A leopard gecko skeleton (D:7)
  9 rats
295 creatures vanquished.

Vanquished Creatures (collateral kills)
  A bullfrog (D:7)
1 creature vanquished.

Vanquished Creatures (others)
  An unseen horror (D:14)
  A fungus (D:11)
2 creatures vanquished.

Grand Total: 298 creatures vanquished

Notes
Turn   | Place    | Note
-------+----------+-------------------------------------------
     0 | D:1      | smallpebble the Hill Orc Fighter began the quest for the
                  | Orb.
     0 | D:1      | Reached XP level 1. HP: 19/19 MP: 1/1
   103 | D:1      | Reached XP level 2. HP: 27/27 MP: 2/2
   165 | D:1      | Reached skill level 1 in Dodging
   418 | D:1      | Reached XP level 3. HP: 28/33 MP: 3/3
   644 | D:2      | Found a glowing golden altar of the Shining One.
   669 | D:2      | Reached skill level 3 in Axes
   932 | D:2      | Reached XP level 4. HP: 37/40 MP: 4/4
  1575 | D:3      | Reached XP level 5. HP: 46/46 MP: 5/5
  1885 | D:4      | Found a radiant altar of Vehumet.
  1902 | D:4      | Found a shimmering altar of Xom.
  1907 | D:4      | Found a snail-covered altar of Cheibriados.
  2236 | D:4      | Noticed a centaur
  2246 | D:4      | Killed a centaur
  2246 | D:4      | Reached skill level 4 in Axes
  2246 | D:4      | Reached skill level 5 in Armour
  2246 | D:4      | Reached XP level 6. HP: 30/53 MP: 6/6
  2675 | D:5      | Entered Level 5 of the Dungeon
  2710 | D:5      | Noticed Sigmund
  2718 | D:5      | Killed Sigmund
  2718 | D:5      | Reached skill level 5 in Fighting
  2718 | D:5      | Reached XP level 7. HP: 45/61 MP: 7/7
  3168 | D:5      | Reached skill level 5 in Axes
  3432 | D:5      | Found a white marble altar of Elyvilon.
  3490 | D:5      | Noticed Ijyb
  3509 | D:5      | Killed Ijyb
  3855 | D:6      | Found a staircase to the Ecumenical Temple.
  3877 | Temple   | Entered the Ecumenical Temple
  3976 | D:6      | Noticed a hippogriff
  3993 | D:6      | Killed a hippogriff
  3993 | D:6      | Reached skill level 6 in Axes
  3993 | D:6      | Reached skill level 5 in Shields
  3993 | D:6      | Reached XP level 8. HP: 30/70 MP: 8/8
  4647 | D:6      | Found an ornate altar of the Wu Jian Council.
  4759 | D:6      | Reached skill level 7 in Axes
  5343 | D:6      | Reached skill level 8 in Axes
  5412 | D:6      | Found Sorog's Weapon Shoppe.
  5415 | D:6      | Bought a +1 broad axe of electrocution for 170 gold pieces
  5535 | D:6      | Reached XP level 9. HP: 78/78 MP: 9/9
  5549 | D:6      | Found a sacrificial altar of Ru.
  5550 | D:6      | Found an opulent altar of Gozag.
  5552 | D:6      | Found a bloodstained altar of Trog.
  5552 | D:6      | Found a basalt altar of Yredelemnul.
  5564 | D:6      | Found a deep blue altar of Sif Muna.
  5582 | D:6      | Became a worshipper of Ru the Awakened
  5873 | D:7      | Reached skill level 9 in Axes
  6059 | D:7      | Noticed Harold
  6081 | D:7      | Killed Harold
  6081 | D:7      | Reached skill level 10 in Axes
  6586 | D:8      | Reached XP level 10. HP: 81/88 MP: 10/10
  6599 | D:8      | Reached skill level 11 in Axes
  6599 | D:8      | Noticed a two-headed ogre
  6606 | D:8      | Killed a two-headed ogre
  6636 | D:8      | Noticed Maurice
  6666 | D:8      | Killed Maurice
  6770 | D:8      | Noticed Prince Ribbit
  6775 | D:8      | Killed Prince Ribbit
  6775 | D:8      | Reached skill level 12 in Axes
  6893 | D:8      | Noticed a two-headed ogre
  6903 | D:8      | Killed a two-headed ogre
  6915 | D:8      | Got an iridescent long sword
  7758 | D:9      | Found an iron altar of Okawaru.
  7806 | D:9      | Reached skill level 13 in Axes
  7821 | D:9      | Reached skill level 1 in Evocations
  7861 | D:9      | Reached XP level 11. HP: 87/95 MP: 11/11
  7956 | D:9      | Found a sparkling altar of Nemelex Xobeh.
  8086 | D:9      | Gained mutation: You are agile. (Dex +2) [potion of
                  | mutation]
  8086 | D:9      | Gained mutation: You are covered in fur. (AC +1) [potion of
                  | mutation]
  8175 | D:9      | Reached skill level 14 in Axes
  8212 | D:9      | Found Siuphyaz's Armour Boutique.
  8424 | D:10     | Entered Level 10 of the Dungeon
  9027 | D:10     | Found a sparkling altar of Nemelex Xobeh.
  9076 | D:10     | Found Ixozenk's Magic Scroll Boutique.
  9090 | D:10     | Identified the +4 long sword "Yninenemnu" {venom, +Blink
                  | rElec Int-2 Dex-2} (You found it on level 8 of the Dungeon)
  9247 | D:11     | Found a staircase to the Lair.
  9394 | D:11     | Reached skill level 1 in Long Blades
 10388 | D:11     | Noticed a cyclops
 10406 | D:11     | Killed a cyclops
 10511 | D:11     | Found a staircase to the Orcish Mines.
 11102 | D:12     | Reached skill level 5 in Long Blades
 11212 | D:12     | Reached XP level 12. HP: 96/106 MP: 12/12
 11790 | D:12     | Noticed Rupert
 11802 | D:12     | Killed Rupert
 11802 | D:12     | Reached skill level 10 in Fighting
 11802 | D:12     | Reached skill level 15 in Axes
 12135 | D:12     | Found an iron altar of Okawaru.
 12235 | D:13     | Noticed a two-headed ogre
 12247 | D:13     | Killed a two-headed ogre
 13182 | D:13     | Noticed a centaur warrior
 13190 | D:13     | Noticed a seven-headed hydra
 13200 | D:13     | Killed a centaur warrior
 13200 | D:13     | Reached skill level 10 in Shields
 13277 | D:14     | HP: 1/107 [something/bolt of lightning (23)]
 13312 | D:14     | HP: 5/107 [something (25)]
 13366 | D:14     | Paralysed by a wizard for 5 turns
 13388 | D:14     | Slain by a hornet

Skill      XL: |  1  2  3  4  5  6  7  8  9 10 11 12 |
---------------+-------------------------------------+-----
Dodging        | 1 2 |  2.9
Axes           | 3 4 6 8 10 13 14 15 | 15.9
Fighting       | 4 5 6 7 8 9 10 | 10.4
Armour         | 4 5 6 7 8 9 |  9.9
Shields        | 5 6 7 8 9 10 | 10.0
Evocations     | 1 |  1.0
Long Blades    | 5 6 |  6.0
Stealth        | |  0.2

Action                   |  1- 3 |  4- 6 |  7- 9 | 10-12 || total
-------------------------+-------+-------+-------+-------++-------
Melee: War axe           |    88 |   100 |   227 |       ||   415
       Broad axe         |       |       |   107 |   424 ||   531
       Long sword        |       |       |       |   229 ||   229
Evoke: Wand              |       |     1 |     1 |     2 ||     4
  Use: Scroll            |     3 |     4 |     7 |     9 ||    23
       Potion            |       |       |       |    15 ||    15
  Eat: Ration            |       |     2 |     3 |     5 ||    10
       Chunk             |       |       |     4 |     6 ||    10
Armor: Scale mail        |    32 |    10 |       |       ||    42
       Plate armour      |       |    33 |   213 |   511 ||   757
       Skin              |       |       |       |    20 ||    20
Dodge: Dodged            |    35 |    22 |    73 |   160 ||   290
Block: Shield            |    42 |    47 |   201 |   473 ||   763
       Rpst.: Long sword |       |       |       |    18 ||    18
